Map: Deathaura LE

Players

BlysK - Winner!

  • Race: Protoss Protoss
  • League: Master
  • Spawn Location: 5:00

Demi

  • Race: Zerg Zerg
  • League: Master
  • Spawn Location: 11:00

Event: DreamHack SC2 Masters 2020 Winter

VOD

Have the link to the VOD?

Description

Time

  • Played on: Oct. 18, 2020, 1:58 a.m.
  • Length: 14:25

All games in this series

Show
View Real Time Build Order
Export as new Build Order

BlysK Protoss - Winner!

Build Orders: 1 Gate Expand, Zealot Archon, Archon Drop, Dark Templar Rush 

Get SALT Encoding   

  12  0:00  Probe  
  13  0:12  Probe  
  14  0:20  Pylon  
  14  0:24  Probe  
  15  0:38  Gateway, Probe (Chrono Boost)  
  16  0:44  Assimilator  
  16  0:49  Probe (Chrono Boost)  
  17  0:54  Probe (Chrono Boost)  
  18  1:04  Probe  
  19  1:16  Probe  
  20  1:26  Nexus  
  20  1:34  Cybernetics Core  
  20  1:36  Probe  
  21  1:43  Assimilator  
  21  1:48  Probe  
  21  1:52  Pylon  
  22  2:00  Probe  
  23  2:08  Adept (Chrono Boost)  
  23  2:13  Probe  
  26  2:16  Twilight Council  
  26  2:25  Warp Gate, Probe  
  26  2:28  Stalker (Chrono Boost)  
  29  2:37  Probe  
  29  2:38  Probe  
  31  2:47  Robotics Facility  
  31  2:49  Probe  
  32  2:51  Probe  
  33  3:01  Adept, Probe  
  33  3:03  Probe  
  37  3:13  Probe  
  37  3:15  Probe  
  39  3:21  Dark Shrine  
  39  3:22  Gateway  
  39  3:26  Probe  
  40  3:29  Probe  
  41  3:38  Probe  
  42  3:42  Gateway, Warp Prism (Chrono Boost)  
  44  3:49  Gateway  
  44  3:51  Probe  
  44  3:52  Assimilator  
  45  3:57  Assimilator  
  45  4:01  Pylon  
  45  4:06  Pylon  
  45  4:07  Probe (Chrono Boost)  
  46  4:16  Pylon  
  46  4:20  Probe x2 (Chrono Boost)  
  48  4:28  Probe x2 (Chrono Boost)  
  50  4:34  Probe x2  
  50  4:35  Pylon  
  52  4:42  Dark Templar x3  
  58  4:47  Dark Templar  
  58  4:49  Probe x2  
  58  5:02  Nexus  
  58  5:06  Archon  
  58  5:08  Probe x2  
  58  5:12  Archon  
  58  5:13  Blink (Chrono Boost)  
  60  5:18  Shield Battery  
  60  5:19  Zealot  
  60  5:20  Zealot, Probe x2  
  66  5:25  Observer (Chrono Boost)  
  67  5:29  Robotics Bay  
  67  5:32  Probe, Sentry  
  70  5:40  Immortal (Chrono Boost)  
  70  5:45  Probe  
  70  5:48  Probe  
  76  5:54  Pylon  
  76  5:57  Probe  
  76  5:59  Pylon  
  76  6:00  Probe  
  78  6:04  Gateway  
  78  6:06  Gateway  
  78  6:12  Disruptor (Chrono Boost), Probe x2  
  78  6:14  Sentry  
  85  6:24  Probe  
  86  6:27  Probe  
  86  6:28  Stalker  
  86  6:30  Stalker  
  86  6:31  Stalker  
  92  6:34  Probe  
  92  6:37  Probe  
  92  6:38  Pylon  
  92  6:39  Probe  
  95  6:40  Colossus (Chrono Boost)  
  95  6:46  Stalker  
  104  6:53  Forge, Sentry  
  106  6:54  Stalker, Pylon  
  106  7:00  Gateway x2  
  107  7:12  Stalker x4  
  115  7:17  Probe  
  115  7:21  Pylon  
  116  7:23  Pylon  
  116  7:25  Assimilator  
  116  7:30  Zealot x2  
  116  7:36  Gateway  
  120  7:37  Zealot  
  120  7:38  Stalker, Pylon  
  120  7:40  Stalker x2  
  128  7:54  Stalker x3  
  128  7:58  Dark Shrine  
  134  8:02  Zealot x3  
  140  8:06  Stalker x2  
  140  8:21  Stalker x3  
  140  8:22  Disruptor (Chrono Boost)  
  140  8:24  Pylon  
  140  8:25  Pylon  
  149  8:30  Pylon  
  149  8:32  Assimilator  
  149  8:47  Stalker x2  
  149  8:48  Stalker  
  125  9:03  Disruptor (Chrono Boost)  
  125  9:15  Stalker x4, Sentry  
  125  9:16  Stalker  
  137  9:24  Stalker  
  137  9:25  Stalker  
  137  9:28  Protoss Ground Weapons Level 1 (Chrono Boost)  
  137  9:30  Photon Cannon  
  141  9:32  Shield Battery  
  141  9:36  Zealot  
  143  9:39  Zealot x6  
  143  9:44  Charge (Chrono Boost)  
  155  9:51  Pylon  
  155  9:55  Disruptor (Chrono Boost)  
  155  9:59  Probe x2  
  160  10:01  Nexus  
  160  10:04  Pylon  
  146  10:19  Forge  
  146  10:20  Pylon  
  146  10:23  Disruptor (Chrono Boost)  
  146  10:24  Photon Cannon  
  146  10:25  Dark Templar x3  
  146  10:26  Photon Cannon, Dark Templar  
  151  10:29  Photon Cannon, Zealot x2  
  151  10:30  Zealot  
  151  10:32  Shield Battery  
  151  10:34  Assimilator  
  155  10:53  Stalker x5  
  165  11:04  Stalker  
  165  11:05  Stalker x3  
  170  11:18  Stalker x4  
  170  11:19  Stalker  
  170  11:20  Protoss Ground Weapons Level 2 (Chrono Boost)  
  170  11:24  Protoss Ground Armor Level 1 (Chrono Boost)  
  172  11:33  Probe x2  
  172  11:34  Probe  
  175  11:45  Probe  
  172  11:54  Stalker x4  
  172  11:55  Stalker x4  
  172  12:00  Probe x2  
  189  12:01  Probe  
  189  12:07  Warp Prism (Chrono Boost)  
  189  12:15  Dark Templar  
  193  12:20  Dark Templar x2, Zealot  
  195  12:47  Stalker x2  
  195  12:48  Stalker x2  
  193  13:02  Probe  
  184  13:09  Stalker  
  184  13:10  Stalker x4  
  190  13:14  Dark Templar x2  
  194  13:20  Warp Prism (Chrono Boost)  
  164  13:48  Stalker x4  
  168  13:49  Stalker x4  
Show
View Real Time Build Order
Export as new Build Order

Demi Zerg 

Build Orders: Hatch First 

Get SALT Encoding   

  12  0:00  Drone  
  13  0:12  Overlord  
  13  0:16  Drone  
  14  0:30  Drone x2  
  16  0:48  Hatchery  
  15  0:51  Drone  
  15  0:54  Drone  
  17  0:58  Drone  
  18  1:11  Extractor  
  18  1:13  Spawning Pool  
  18  1:16  Drone  
  17  1:19  Drone  
  18  1:29  Drone  
  19  1:39  Drone  
  20  1:50  Overlord  
  20  2:00  Queen x2  
  20  2:01  Zergling x4  
  26  2:11  Drone x2  
  28  2:15  Metabolic Boost  
  28  2:23  Drone x2  
  30  2:34  Hatchery  
  30  2:36  Zergling x2  
  30  2:42  Drone  
  30  2:43  Drone  
  32  2:48  Overlord  
  32  2:52  Queen  
  32  2:57  Drone  
  32  2:58  Drone  
  36  3:06  Drone x2  
  36  3:08  Drone x2  
  36  3:10  Overlord  
  40  3:17  Drone  
  40  3:18  Drone  
  42  3:26  Overlord  
  42  3:34  Drone  
  42  3:40  Drone  
  44  3:45  Queen  
  44  3:47  Queen, Overlord  
  48  3:49  Drone x5  
  53  3:56  Drone  
  53  4:00  Drone  
  53  4:01  Drone  
  56  4:07  Drone  
  57  4:11  Drone x2  
  57  4:13  Spore Crawler  
  57  4:14  Spore Crawler  
  57  4:15  Drone, Spore Crawler  
  57  4:18  Overlord  
  57  4:19  Zergling x10  
  57  4:22  Queen  
  64  4:29  Lair, Roach Warren  
  63  4:32  Overlord  
  63  4:35  Zergling x4  
  64  4:52  Zergling x2  
  64  4:53  Zergling x8  
  64  4:55  Overlord x2  
  64  4:57  Drone  
  64  4:58  Drone x6  
  75  5:00  Extractor  
  75  5:01  Extractor  
  75  5:06  Overlord  
  71  5:07  Drone  
  71  5:15  Roach x5  
  81  5:22  Overlord x2  
  81  5:23  Overlord  
  81  5:28  Drone x3, Glial Reconstitution  
  84  5:40  Drone x3  
  84  5:41  Drone x2  
  89  5:43  Overseer  
  89  5:49  Drone x4, Evolution Chamber  
  92  5:50  Extractor, Overseer  
  92  5:56  Roach x4  
  95  6:07  Overlord x2  
  95  6:11  Drone x6  
  99  6:17  Queen  
  103  6:19  Extractor x2  
  101  6:26  Zerg Missile Weapons Level 1  
  101  6:30  Drone x3  
  104  6:37  Spire  
  103  6:40  Drone x2  
  103  6:41  Drone x2  
  107  6:48  Overlord  
  107  6:49  Overlord x4  
  107  6:52  Roach  
  107  6:53  Hatchery, Roach x2  
  112  7:11  Extractor  
  112  7:12  Drone x4  
  112  7:13  Drone  
  112  7:15  Extractor  
  115  7:16  Drone  
  115  7:17  Drone x4  
  120  7:25  Drone x2  
  122  7:32  Roach x7  
  122  7:34  Ravager x4  
  122  7:35  Ravager x2  
  141  7:42  Roach x4  
  149  7:50  Overlord x3  
  149  7:55  Zerg Flyer Weapons Level 1  
  149  7:56  Ravager x3  
  152  7:59  Roach  
  152  8:07  Roach x3, Zergling x2  
  148  8:22  Overlord x3  
  148  8:24  Roach x9  
  166  8:28  Ravager x4  
  166  8:32  Hatchery  
  166  8:33  Roach x2  
  173  8:40  Roach  
  173  8:41  Roach x3  
  160  8:56  Roach  
  160  8:57  Roach x5  
  164  9:14  Zergling x12  
  165  9:25  Mutalisk x5  
  175  9:33  Mutalisk  
  175  9:34  Mutalisk  
  179  9:45  Spore Crawler  
  178  9:46  Mutalisk x4  
  178  9:51  Hatchery  
  185  9:57  Pneumatized Carapace  
  185  9:58  Overseer  
  185  10:05  Spore Crawler  
  181  10:11  Roach x8, Zergling x4  
  181  10:12  Spore Crawler  
  196  10:17  Hatchery  
  195  10:32  Overseer  
  188  10:58  Queen  
  188  10:59  Zerg Flyer Weapons Level 2, Spore Crawler  
  186  11:21  Zergling x14  
  186  11:22  Zergling x8  
  186  11:35  Zergling x28  
  189  11:50  Overlord x2  
  189  11:52  Mutalisk x4  
  187  12:00  Zerg Melee Weapons Level 1  
  184  12:02  Queen  
  186  12:11  Hatchery  
  185  12:17  Mutalisk x4  
  185  12:18  Mutalisk x3  
  194  12:39  Mutalisk  
  194  12:40  Mutalisk x6  
  181  13:07  Mutalisk x9  
  181  13:11  Zergling x12  
  181  13:12  Zergling x2  
  184  13:20  Mutalisk  
  184  13:21  Mutalisk  
  184  13:24  Zergling x6  
  184  13:25  Zergling x2  
  128  13:43  Mutalisk x4  
  128  13:47  Zergling x16  
  128  13:54  Mutalisk  
  128  13:55  Mutalisk  
  130  13:57  Zergling x6  
Tags
 
Add a new tag
Caveats
  • Supply blocks, unpowered buildings, or Contaminate may cause inaccurate times.
  • Supply counts are checked every 10 seconds.